 Dungeon Crawl Stone Soup version 0.17.0-56-gd8de76c (console) character file.

19377 Kloppie the Destroyer (level 12, -2/106 HPs)
             Began as a Purple Draconian Conjurer on Dec 6, 2015.
             Was a High Priest of Vehumet.
             Slain by a water moccasin (5 damage)
             ... on level 2 of the Lair of Beasts.
             The game lasted 01:02:01 (22183 turns).

Kloppie the Destroyer (Purple Draconian Conjurer)  Turns: 22183, Time: 01:02:01

Health: -2/106     AC: 12    Str: 13    XL:     12   Next: 36%
Magic:  22/41      EV: 17    Int: 20    God:    Vehumet [*****.]
Gold:   734        SH:  0    Dex: 13    Spells: 6 memorised, 7 levels left

rFire  . . .     SeeInvis .     H - +0 long sword (slice)
rCold  . . .     Clarity  .     (armour unavailable)
rNeg   . . .     SustAt   .     (no shield)
rPois  .         Gourm    .     (helmet restricted)
rElec  .         Spirit   .     G - +2 cloak
rCorr  .         Warding  .     g - +0 pair of gloves {Str+3}
rMut   .         Stasis   .     (no boots)
MR     +....                    p - amulet of faith
Stlth  ++........               A - ring of magical power
                                y - ring of magical power

@: lethally poisoned (-2 -> -2), drained, somewhat resistant to hostile
enchantments, unstealthy
A: breathe power, unfitting armour, cold-blooded, AC +8
a: Breathe Dispelling Energy, Renounce Religion


You were on level 2 of the Lair of Beasts.
You worshipped Vehumet.
Vehumet was extremely pleased with you.
You were not hungry.

You visited 2 branches of the dungeon, and saw 13 of its levels.
You visited the Abyss 1 time.

You collected 734 gold pieces.

Inventory:

Hand Weapons
 a - a +1 trident
 H - a +0 long sword of slicing (weapon)
Armour
 g - a +0 pair of gloves of strength (worn)
 G - a +2 cloak (worn)
Jewellery
 f - an uncursed ring of stealth
 h - an uncursed ring of sustain attributes
 p - an amulet of faith (around neck)
 y - a ring of magical power (left hand)
 A - a ring of magical power (right hand)
 S - an uncursed ring of protection from fire
Wands
 i - a wand of confusion (15)
 t - a wand of cold (3)
 M - a wand of confusion (11)
 U - a wand of cold (12)
Scrolls
 c - 3 scrolls of blinking
 m - 2 scrolls of teleportation
 n - 3 scrolls of identify
 q - 4 scrolls of noise
 I - a scroll of recharging
 L - a scroll of remove curse
 O - 3 scrolls of enchant armour
 Q - a scroll of magic mapping
Potions
 d - 3 potions of ambrosia
 e - 2 potions of might
 j - a potion of haste {unknown}
 k - a potion of degeneration {unknown}
 o - 5 potions of agility
 v - 2 potions of lignification
 x - 6 potions of cancellation
 z - 2 potions of brilliance
 B - a potion of flight
 R - a potion of magic
 T - a potion of curing
Books
 K - a book of the Sky

   Spells                             Type                      Level
   a - Summon Lightning Spire         Summoning/Air                4
   b - Airstrike                      Air                          4
   c - Silence                        Hexes/Air                    5
   d - Deflect Missiles               Charms/Air                   6
   e - Conjure Ball Lightning         Conjuration/Air              6
   f - Tornado                        Air                          9
Comestibles
 b - 4 bread rations


   Skills:
 - Level 10.0(8.9) Fighting
 + Level 2.1(1.2) Long Blades
 - Level 10.0(8.9) Dodging
 + Level 3.1(2.2) Stealth
 - Level 7.5(6.4) Spellcasting
 - Level 10.7(9.6) Conjurations
 - Level 3.3(2.4) Hexes
 + Level 8.8(7.8) Charms


You had 7 spell levels left.
You knew the following spells:

 Your Spells              Type           Power        Failure   Level  Hunger
a - Magic Dart            Conj           ####         1%          1    None
b - Searing Ray           Conj           #####.       1%          2    None
c - Dazzling Spray        Conj/Hex       ####....     1%          3    ##.....
d - Fulminant Prism       Conj/Hex       ####......   2%          4    ####...
e - Iskenderun's Battles  Conj/Chrm      #####...     2%          5    #####..
f - Iskenderun's Mystic   Conj           #####...     1%          4    ####...


Dungeon Overview and Level Annotations

Branches:
Dungeon (11/15)            Temple (0/1) D:5            Lair (2/8) D:11
    Orc (0/4) D:10

Altars:
Dithmenos
Makhleb
Nemelex Xobeh
Okawaru
Sif Muna
Vehumet
Yredelemnul
The Shining One

Annotations:
Lair:2 Nergalle


Innate Abilities, Weirdness & Mutations

You can breathe bolts of dispelling energy.
Your rich purple scales are hard (AC +8).
Your body does not fit into most forms of armour.
You are cold-blooded and may be slowed by cold attacks.


Message History

Confirm with . or Enter, or press ? or * to list all spells.
Aiming: Searing Ray
Press: ? - help, Shift-Dir - straight line, f - water moccasin
Aim: a water moccasin (hasn't noticed you)
The searing ray hits the water moccasin.
The water moccasin is moderately wounded.
You feel sick. The water moccasin closely misses you.
Casting: Searing Ray
Confirm with . or Enter, or press ? or * to list all spells.
Aiming: Searing Ray
Press: ? - help, Shift-Dir - straight line, f/p - water moccasin
Aim: a water moccasin (moderately wounded)
The searing ray hits the water moccasin.
The water moccasin is heavily wounded.
The water moccasin closely misses you.
The water moccasin bites you but does no damage.
The searing ray hits the water moccasin.
The water moccasin is severely wounded.
The water moccasin bites you.
You die...

##..#.#..........#........P#...##
###.†##....# ....##........#...##
.##+#......###...##.......#.##.##
...........##P....#.......######P
.............[..(................
.........[.......................
.................................
+..#P.#P........>............###.
..##..###.......@............##
>.......'...<...S.#...........##
........#....P##..#.....###....##
.......#.....##.........#.....P..
........+....#P....#....##..#≈≈≈.
.......##....[.....+.....P.####≈≈
.......##.....#...P........### ##
#..#P.P##....##..........#...#
#.#....##....######.....##..P#


You could see a water moccasin.

Vanquished Creatures
  A hydra (Lair:2)
  Erolcha (D:9)
  Sonja (Lair:1)
  An unseen horror (D:11)
  2 hill giants
  Pikel (D:6)
  A manticore (D:11)
  A black mamba (Lair:2)
  A spiny frog (Lair:1)
  Psyche (D:11)
  2 komodo dragons
  A troll (D:10)
  A shadow (D:11)
  3 two-headed ogres
  Sigmund (D:6)
  Eustachio (D:4)
  A wyvern (D:9)
  13 yaks
  The ghost of Rationalist the Shield-Bearer, an amateur FoFi of Gozag (D:6)
  3 hippogriffs
  3 water moccasins (Lair:1)
  3 hungry ghosts
  A mottled dragon (D:11)
  Edmund (D:6)
  A porcupine (Lair:1)
  Duvessa (D:5)
  A slave (D:7)
  A black bear (D:6)
  11 orc warriors
  An eye of draining (D:9)
  A phantom (D:11)
  5 sky beasts
  An ice beast (D:6)
  10 ogres
  2 big kobolds
  8 crocodiles
  6 centaurs
  8 giant frogs
  Dowan (D:5)
  2 wyvern skeletons
  4 scorpions
  17 killer bees
  The ghost of Peloso the Covered, a weakling MiFi (D:4)
  2 centaur zombies
  14 wights
  7 orc priests
  A giant frog zombie (D:9)
  15 orc wizards
  6 crimson imps
  5 hounds
  A giant frog skeleton (D:9)
  4 jellies
  5 iguanas
  16 worker ants
  3 gnoll shamans (D:7)
  2 hound skeletons (D:6)
  2 worker ant zombies
  Robin (D:4)
  14 gnolls
  2 shadow imps
  18 adders
  15 river rats
  2 adder skeletons (D:5)
  An adder zombie (D:6)
  6 oozes
  7 worms
  6 giant geckos
  60 orcs
  6 bats
  8 giant cockroaches
  21 goblins
  6 hobgoblins
  9 jackals
  18 kobolds
  7 quokkas
  A ball python (D:3)
  A giant gecko zombie (D:4)
  7 giant newts
  A jackal skeleton (D:6)
  A quokka zombie (D:5)
  9 rats
438 creatures vanquished.

Vanquished Creatures (others)
  3 slaves (D:7)
  An orc warrior (D:5)
  A large abomination (Abyss:1)
  A gnoll sergeant (D:7)
  3 killer bees (D:7)
  An orc wizard (D:7)
  2 gnolls (D:7)
  3 orcs (D:7)
  13 fulminant prisms
  13 fungi
  2 lurking horrors (Abyss:1)
  11 plants (D:7)
54 creatures vanquished.

Grand Total: 492 creatures vanquished

Notes
Turn   | Place    | Note
--------------------------------------------------------------
     0 | D:1      | Kloppie the Draconian Conjurer began the quest for the Orb.
     0 | D:1      | Reached XP level 1. HP: 14/14 MP: 3/3
    79 | D:1      | You fall through a shaft!
   245 | D:1      | Reached XP level 2. HP: 12/20 MP: 5/5
   407 | D:1      | Learned a level 2 spell: Searing Ray
   652 | D:2      | You fall through a shaft for 2 floors!
   655 | D:4      | Found an iron altar of Okawaru.
   737 | D:3      | Found a radiant altar of Vehumet.
   762 | D:3      | Reached XP level 3. HP: 6/26 MP: 1/7
  1121 | D:3      | Became a worshipper of Vehumet
  1219 | D:3      | Learned a level 3 spell: Dazzling Spray
  1637 | D:2      | Reached XP level 4. HP: 31/33 MP: 8/8
  1667 | D:2      | Reached skill level 5 in Conjurations
  2381 | D:2      | Reached * piety under Vehumet
  2381 | D:2      | Offered knowledge of Flame Tongue by Vehumet.
  2819 | D:3      | Reached XP level 5. HP: 21/38 MP: 2/10
  3208 | D:3      | Learned a level 4 spell: Fulminant Prism
  4394 | D:4      | Noticed Eustachio
  4406 | D:4      | Killed Eustachio
  4406 | D:4      | Reached skill level 6 in Conjurations
  4406 | D:4      | Reached skill level 1 in Hexes
  4406 | D:4      | Reached XP level 6. HP: 28/45 MP: 11/12
  4515 | D:4      | Noticed Peloso's ghost (weakling MiFi)
  4527 | D:4      | Killed Peloso's ghost
  5138 | D:4      | Noticed Robin
  5142 | D:4      | Offered knowledge of Sandblast by Vehumet.
  5159 | D:4      | Reached ** piety under Vehumet
  5160 | D:4      | Killed Robin
  5896 | D:5      | Entered Level 5 of the Dungeon
  6067 | D:5      | Your scales start taking on a rich purple colour.
  6067 | D:5      | Reached XP level 7. HP: 50/50 MP: 14/14
  6087 | D:5      | Learned a level 5 spell: Iskenderun's Battlesphere
  6107 | D:5      | Reached skill level 7 in Conjurations
  6107 | D:5      | Reached skill level 1 in Charms
  6471 | D:5      | Noticed Duvessa
  6488 | D:5      | Cast into the Abyss (Duvessa)
  6503 | Abyss:1  | Noticed a large abomination
  6510 | Abyss:1  | Noticed a starcursed mass
  6592 | Abyss:1  | Noticed a hellwing
  6604 | Abyss:1  | Noticed a large abomination
  6625 | Abyss:1  | Noticed a smoke demon
  6645 | Abyss:1  | Noticed a large abomination
  6897 | Abyss:1  | Noticed a wretched star
  7149 | Abyss:1  | Noticed a thrashing horror
  7368 | Abyss:1  | Noticed a tentacled starspawn
  7417 | Abyss:1  | Noticed a small abomination
  7421 | Abyss:1  | Noticed a large abomination
  7424 | Abyss:1  | Noticed a wretched star
  7428 | Abyss:1  | Noticed a large abomination
  7439 | Abyss:1  | Noticed a large abomination
  7473 | Abyss:1  | Noticed a sixfirhy
  7479 | Abyss:1  | Noticed a starcursed mass
  7484 | Abyss:1  | Noticed a small abomination
  7491 | D:5      | Escaped the Abyss
  7493 | D:5      | Noticed Dowan
  7495 | D:5      | Killed Duvessa
  7502 | D:5      | Killed Dowan
  7646 | D:5      | Reached XP level 8. HP: 57/57 MP: 15/15
  7718 | D:5      | Found a staircase to the Ecumenical Temple.
  8366 | D:6      | Noticed Rationalist's ghost (amateur FoFi)
  8731 | D:5      | Offered knowledge of Throw Flame by Vehumet.
  8731 | D:5      | Reached skill level 8 in Conjurations
  9306 | D:6      | Killed Rationalist's ghost
  9609 | D:6      | Noticed Edmund
  9620 | D:6      | Killed Edmund
  9620 | D:6      | Reached skill level 5 in Charms
  9720 | D:6      | Reached skill level 5 in Dodging
  9749 | D:6      | Noticed Sigmund
  9762 | D:6      | Killed Sigmund
  9762 | D:6      | Reached XP level 9. HP: 62/62 MP: 16/16
  9908 | D:6      | Found a glowing golden altar of the Shining One.
 10411 | D:6      | Reached skill level 9 in Conjurations
 10552 | D:6      | Reached *** piety under Vehumet
 10747 | D:7      | Reached skill level 1 in Fighting
 10977 | D:7      | Offered knowledge of Throw Icicle by Vehumet.
 11662 | D:7      | Noticed Pikel
 11726 | D:6      | Killed Pikel
 11726 | D:6      | Reached **** piety under Vehumet
 11726 | D:6      | Reached XP level 10. HP: 26/78 MP: 17/17
 11729 | D:6      | Reached skill level 10 in Conjurations
 12506 | D:7      | Reached skill level 5 in Fighting
 12937 | D:7      | Identified a scroll of acquirement
 13229 | D:8      | Offered knowledge of Lee's Rapid Deconstruction by Vehumet.
 14044 | D:9      | Found a burning altar of Makhleb.
 14689 | D:9      | Noticed Erolcha
 14714 | D:9      | Killed Erolcha
 14714 | D:9      | Reached skill level 5 in Spellcasting
 14714 | D:9      | Reached XP level 11. HP: 24/91 MP: 14/18
 14905 | D:9      | Found a deep blue altar of Sif Muna.
 14994 | D:9      | Found a shadowy altar of Dithmenos.
 15120 | D:9      | Found a basalt altar of Yredelemnul.
 15175 | D:9      | Reached ***** piety under Vehumet
 15175 | D:9      | Offered knowledge of Lightning Bolt by Vehumet.
 15641 | D:10     | Entered Level 10 of the Dungeon
 15866 | D:10     | Found a staircase to the Orcish Mines.
 16280 | D:10     | Found a sparkling altar of Nemelex Xobeh.
 16721 | D:10     | Noticed a hill giant
 16731 | D:10     | Killed a hill giant
 17404 | D:11     | Noticed a hill giant
 17415 | D:11     | Noticed Psyche
 17425 | D:11     | Killed a hill giant
 17438 | D:11     | Killed Psyche
 17438 | D:11     | Offered knowledge of Freezing Cloud by Vehumet.
 18374 | D:11     | Found a staircase to the Lair.
 18583 | D:11     | Reached skill level 10 in Dodging
 18700 | D:11     | Reached XP level 12. HP: 102/104 MP: 22/22
 18733 | D:11     | Killed an unseen horror
 19196 | Lair:1   | Entered Level 1 of the Lair of Beasts
 19211 | Lair:1   | Learned a level 4 spell: Iskenderun's Mystic Blast
 19575 | Lair:1   | Noticed Sonja
 19584 | Lair:1   | Killed Sonja
 20133 | Lair:1   | Reached skill level 10 in Fighting
 21275 | Lair:2   | Noticed an eight-headed hydra
 21284 | Lair:2   | Killed an eight-headed hydra
 21284 | Lair:2   | Reached skill level 1 in Long Blades
 22124 | Lair:2   | Noticed Nergalle
 22149 | Lair:2   | HP: 5/106 [poisoned by a black mamba]
 22163 | Lair:2   | HP: 5/106 [poisoned by a black mamba]
 22169 | Lair:2   | HP: 4/106 [poisoned by a black mamba]
 22177 | Lair:2   | HP: 3/106 [poisoned by a black mamba]
 22183 | Lair:2   | Slain by a water moccasin

Action                   |  1- 3 |  4- 6 |  7- 9 | 10-12 || total
-------------------------+-------+-------+-------+-------++-------
Melee: Spear             |    84 |       |       |       ||    84
       Unarmed           |    13 |       |       |       ||    13
       Trident           |    11 |   199 |   167 |       ||   377
       Long sword        |       |       |       |   315 ||   315
 Cast: Magic Dart        |    32 |    12 |    84 |    71 ||   199
       Searing Ray       |     1 |    20 |    55 |   137 ||   213
       Dazzling Spray    |       |     2 |    25 |    27 ||    54
       Fulminant Prism   |       |       |     4 |     9 ||    13
       Iskenderun's Batt |       |       |     1 |     9 ||    10
       Iskenderun's Myst |       |       |       |     7 ||     7
 Abil: Breathe Dispellin |       |       |       |     1 ||     1
  Use: Scroll            |       |    15 |     1 |    11 ||    27
       Potion            |       |     1 |     4 |     2 ||     7
 Stab: Sleeping          |     3 |     6 |     4 |     1 ||    14
       Invisible         |       |       |       |     5 ||     5
       Distracted        |       |       |       |     1 ||     1
  Eat: Chunk             |     3 |    13 |    11 |    27 ||    54
       Beef jerky        |       |     1 |       |     2 ||     3
       Meat ration       |       |       |     2 |     1 ||     3
       Pizza             |       |       |       |     1 ||     1
       Bread ration      |       |       |       |     1 ||     1
